 Dungeon Crawl Stone Soup version 0.28-a0-1334-g1c9ffb4daf (webtiles) character file.

Game seed: 190181802373634665

1846346 EnegeticOcto the Fencer (level 26, 220/220 HPs)
             Began as a Merfolk Gladiator on Dec 28, 2021.
             Was the Champion of Makhleb.
             Escaped with the Orb
             ... and 3 runes!
             The game lasted 01:22:43 (54681 turns).

EnegeticOcto the Fencer (Merfolk Gladiator)        Turns: 54681, Time: 01:22:44

Health: 220/220    AC: 47    Str: 25    XL:     26   Next: 53%
Magic:  54/55      EV: 15    Int: 10    God:    Makhleb [******]
Gold:   2983       SH: 16    Dex: 19    Spells: 25/25 levels left

rFire   + . .      SeeInvis .   b - +8 autumn katana {vorpal, manifold assault}
rCold   + + +      Faith    .   l - +2 kite shield
rNeg    + + +      Spirit   +   a - +10 gold dragon scales
rPois   +          Reflect  .   v - +2 helmet of the Planets {Str+4 Dex+3}
rElec   +          Harm     .   G - +1 cloak of Filth {rPois rCorr Slay+5}
rCorr   +          Rampage  .   X - +3 pair of gauntlets of War {Slay+5}
Will    +++..      Clarity  +   n - +2 pair of boots of Unlecosu {rPois rC+ Regen+}
Stlth   ..........              D - amulet of Gaobryll {Spirit Will+}
HPRegen 1.26/turn               L - ring of the Glimmering Madman {rC+ Will+ MP+9 Stlth+}
MPRegen 0.34/turn               V - ring of Ycusser {*Corrode +Blink rElec rN+++ MP+9}

@: studying Axes
A: (nimble swimmer 2), mertail, iridescent scales 1, clarity, screaming 1, weak
1, inability to read while threatened
0: Orb of Zot
}: 3/15 runes: barnacled, silver, gossamer
a: Renounce Religion, Evoke Blink, Minor Destruction, Lesser Servant of Makhleb,
Major Destruction, Greater Servant of Makhleb


You escaped.
You worshipped Makhleb.
Makhleb was exalted by your worship.
You visited 10 branches of the dungeon, and saw 49 of its levels.
You visited the Abyss 2 times.
You visited 1 bazaar.
You also visited: Gauntlet, Ice Cave and Desolation.

You collected 8433 gold pieces.
You spent 5450 gold pieces at shops.

Inventory:

Hand Weapons
 b - the +8 autumn katana (weapon) {vorpal, manifold assault}
   (You took it off a minotaur in a Gauntlet)

   It sometimes launches melee attacks against multiple visible enemies.
Missiles
 d - 8 throwing nets {!f}
 x - 12 curare-tipped darts
Armour
 a - +10 gold dragon scales (worn)
   (You found it on level 2 of the Vaults)
 l - a +2 kite shield (worn)
   (You found it on level 3 of the Depths)
 n - the +2 pair of boots of Unlecosu (worn) {rPois rC+ Regen+}
   (You found it on level 2 of the Elven Halls)

   rC:        It protects you from cold.
   rPois:     It protects you from poison.
   Regen:     It increases your rate of health regeneration.
 v - the +2 helmet of the Planets (worn) {Str+4 Dex+3}
   (You found it on level 4 of the Dungeon)

   Str:       It affects your strength (+4).
   Dex:       It affects your dexterity (+3).
 G - the +1 cloak of Filth (worn) {rPois rCorr Slay+5}
   (You acquired it on level 1 of the Spider Nest)

   Slay:      It affects your accuracy & damage with ranged weapons and melee
   (+5).
   rPois:     It protects you from poison.
   rCorr:     It protects you from acid and corrosion.
 X - the +3 pair of gauntlets of War (worn) {Slay+5}
   (You found it in a Gauntlet)

   Slay:      It affects your accuracy & damage with ranged weapons and melee
   (+5).
Jewellery
 e - a ring of protection from fire
   (You found it on level 4 of the Dungeon)
 D - the amulet of Gaobryll (around neck) {Spirit Will+}
   (You found it on level 5 of the Vaults)

   [amulet of guardian spirit]

   It causes incoming damage to be divided between your reserves of health and
   magic.
   Will:      It increases your willpower.
 L - the ring of the Glimmering Madman (left hand) {rC+ Will+ MP+9 Stlth+}
   (You found it in the Desolation of Salt)

   [ring of protection from cold]

   rC:        It protects you from cold.
   MP:        It affects your magic capacity (+9).
   Will:      It increases your willpower.
   Stlth:     It makes you more stealthy.
 T - the ring of the Mackerel {Will+ Int+6}
   (You took it off an ogre mage on level 5 of the Vaults)

   [ring of intelligence]

   Int:       It affects your intelligence (+6).
   Will:      It increases your willpower.
 U - the ring "Afeinam" {Fire rN++ Will+ Dex+3}
   (You took it off a yaktaur on level 5 of the Vaults)

   [ring of fire]

   It enhances your fire magic.
   Dex:       It affects your dexterity (+3).
   rF:        It protects you from fire.
   rC:        It makes you vulnerable to cold.
   rN:        It greatly protects you from negative energy.
   Will:      It increases your willpower.
 V - the ring of Ycusser (right hand) {*Corrode +Blink rElec rN+++ MP+9}
   (You took it off a vampire knight on level 2 of the Vaults)

   [ring of magical power]

   rElec:     It insulates you from electricity.
   rN:        It renders you almost immune to negative energy.
   MP:        It affects your magic capacity (+9).
   +Blink:    It lets you blink.
   *Corrode:  It may corrode you when you take damage.
Wands
 f - a wand of digging (21) {@v3}
   (You found it in a Gauntlet)
 o - a wand of acid (39) {@v1}
   (You found it on level 8 of the Dungeon)
 y - a wand of mindburst (22)
   (You found it on level 1 of the Elven Halls)
 N - a wand of paralysis (36)
   (You found it on level 8 of the Dungeon)
 P - a wand of iceblast (38) {@v2}
   (You found it on level 4 of the Shoals)
 R - a wand of charming (23)
   (You found it on level 8 of the Dungeon)
 S - a wand of polymorph (27)
   (You found it on level 8 of the Dungeon)
Scrolls
 g - 2 scrolls of magic mapping {@r5 !r}
 m - 9 scrolls of fog {!r}
 p - 10 scrolls of vulnerability
 s - 15 scrolls of teleportation {@r3 !r}
 z - 2 scrolls of holy word
 H - 8 scrolls of immolation
 Y - 7 scrolls of fear {!r}
 Z - 2 scrolls of summoning
Potions
 c - 8 potions of might {@q3 !q}
 h - 5 potions of heal wounds {@q2 !q}
 i - a potion of magic
 j - 10 potions of flight
 k - 26 potions of curing {@q1 !q}
 r - 5 potions of cancellation
 w - 7 potions of brilliance
 A - 7 potions of mutation
 B - 6 potions of invisibility
 C - 10 potions of berserk rage
 E - 7 potions of ambrosia
 F - 7 potions of lignification {@q6}
 I - 3 potions of attraction
 O - 8 potions of haste {@q4 !q}
Miscellaneous
 t - a phial of floods
   (You found it on level 5 of the Lair of Beasts)
 u - a box of beasts
   (You found it on level 3 of the Elven Halls)
 K - a tin of tremorstones (2/2)
   (You found it in the Desolation of Salt)
 M - a phantom mirror
   (You found it on level 1 of the Vaults)
 Q - a lightning rod (4/4)
   (You found it on level 4 of the Shoals)
 W - a condenser vane
   (You found it in a Gauntlet)


   Skills:
 - Level 20.9 Fighting
 - Level 20.9 Long Blades
 - Level 15.1 Polearms
 - Level 2.0 Throwing
 + Level 15.8 Armour
 - Level 20.9 Dodging
 - Level 3.0 Stealth
 - Level 15.0 Shields
 + Level 20.6 Invocations
 - Level 18.0 Evocations


You had 25 spell levels left.
You didn't know any spells.
Your spell library contained the following spells:

 Spells                   Type           Power      Damage    Failure   Level
 Animate Skeleton         Necr           0%         N/A       100%        1
 Apportation              Tloc           0%         N/A       100%        1
 Beastly Appendage        Tmut           0%         N/A       100%        1
 Pain                     Necr           0%         1d4       100%        1
 Summon Small Mammal      Summ           0%         N/A       100%        1
 Blink                    Tloc           0%         N/A       100%        2
 Corpse Rot               Necr/Air       0%         N/A       100%        2
 Ensorcelled Hibernation  Hex/Ice        0%         N/A       100%        2
 Passwall                 Tmut/Erth      0%         N/A       100%        2
 Poisonous Vapours        Pois/Air       0%         N/A       100%        2
 Static Discharge         Conj/Air       0%         N/A       100%        2
 Wereblood                Tmut           0%         N/A       100%        2
 Call Canine Familiar     Summ           0%         N/A       100%        3
 Conjure Flame            Conj/Fire      0%         6-21      100%        3
 Gell's Gravitas          Tloc           0%         N/A       100%        3
 Ignite Poison            Fire/Tmut/Pois 0%         N/A       100%        3
 Inner Flame              Hex/Fire       0%         N/A       100%        3
 Lesser Beckoning         Tloc           0%         N/A       100%        3
 Portal Projectile        Hex/Tloc       0%         N/A       100%        3
 Spider Form              Tmut/Pois      0%         N/A       100%        3
 Summon Guardian Golem    Hex/Summ       0%         N/A       100%        3
 Swiftness                Air            0%         N/A       100%        3
 Teleport Other           Tloc           0%         N/A       100%        3
 Tukima's Dance           Hex            0%         N/A       100%        3
 Animate Dead             Necr           0%         N/A       100%        4
 Cause Fear               Hex            0%         N/A       100%        4
 Dispel Undead            Necr           0%         3d6       100%        4
 Hailstorm                Conj/Ice       0%         3d3       100%        4
 Ice Form                 Ice/Tmut       0%         N/A       100%        4
 Leda's Liquefaction      Hex/Erth       0%         N/A       100%        4
 Olgreb's Toxic Radiance  Pois           0%         N/A       100%        4
 Petrify                  Tmut/Erth      0%         N/A       100%        4
 Sticky Flame             Conj/Fire      0%         2d3       100%        4
 Summon Lightning Spire   Summ/Air       0%         N/A       100%        4
 Agony                    Necr           0%         N/A       100%        5
 Alistair's Intoxication  Tmut/Pois      0%         N/A       100%        5
 Blade Hands              Tmut           0%         N/A       100%        5
 Borgnjor's Vile Clutch   Necr/Erth      0%         N/A       100%        5
 Excruciating Wounds      Necr           0%         N/A       100%        5
 Fireball                 Conj/Fire      0%         3d3       100%        5
 Freezing Cloud           Conj/Ice/Air   0%         6-21      100%        5
 Irradiate                Conj/Tmut      0%         3d13      100%        5
 Iskenderun's Battlesphe  Conj           0%         2d6       100%        5
 Lightning Bolt           Conj/Air       0%         1d11      100%        5
 Metabolic Englaciation   Hex/Ice        0%         N/A       100%        5
 Summon Mana Viper        Hex/Summ       0%         N/A       100%        5
 Conjure Ball Lightning   Conj/Air       0%         3x3d6     100%        6
 Death Channel            Necr           0%         N/A       100%        6
 Dispersal                Tloc           0%         N/A       100%        6
 Eringya's Noxious Bog    Tmut/Pois      0%         N/A       100%        6
 Simulacrum               Ice/Necr       0%         N/A       100%        6
 Statue Form              Tmut/Erth      0%         N/A       100%        6
 Dragon Form              Tmut           0%         N/A       100%        7
 Enfeeble                 Hex            0%         N/A       100%        7
 Haunt                    Necr/Summ      0%         N/A       100%        7
 Malign Gateway           Summ/Tloc      0%         N/A       100%        7
 Orb of Destruction       Conj           0%         N/A       100%        7
 Ozocubu's Refrigeration  Ice            0%         4d5       100%        7
 Spellforged Servitor     Conj/Summ      0%         N/A       100%        7
 Storm Form               Tmut/Air       0%         N/A       100%        7
 Borgnjor's Revivificati  Necr           0%         N/A       100%        8
 Discord                  Hex            0%         N/A       100%        8
 Disjunction              Tloc           0%         N/A       100%        8
 Ignition                 Fire           0%         3d3       100%        8
 Maxwell's Capacitive Co  Air            0%         ∞         100%        8


Dungeon Overview and Level Annotations

Branches:
Dungeon (15/15)            Temple (1/1) D:5            Lair (6/6) D:8
 Shoals (4/4) Lair:2       Spider (4/4) Lair:2        Slime (0/5) Lair:6
    Orc (2/2) D:12            Elf (3/3) Orc:2        Vaults (5/5) D:13
  Crypt (0/3) Vaults:3     Depths (4/4) D:15            Zot (5/5) Depths:4
  IceCv (visited)         Desolation (visited)      Gauntlet (visited)

Altars:
Ashenzari
Cheibriados
Dithmenos
Elyvilon
Fedhas
Gozag
Hepliaklqana
Kikubaaqudgha
Makhleb
Nemelex Xobeh
Okawaru
Qazlal
Ru
Sif Muna
Trog
Uskayaw
Vehumet
Wu Jian
Xom
Yredelemnul
Zin
The Shining One
Jiyva
Lugonu

Shops:
D:1 *   D:13 [   Orc:1 *   Orc:2 ([(:   Elf:1 (   Elf:3 !   Vaults:2 (([
Depths:3 =::   Depths:4 [[*(

Portals:
Hell: Depths:1 Depths:2 Depths:3 Depths:4
Abyss: Lair:2 Depths:2 Depths:3 Depths:4
Pandemonium: Depths:2
Ziggurat: Depths:4
Trove: Elf:1 (give +3 gold dragon scales)

Annotations:
D:8 exclusion: 2 oklob plants
Lair:2 2 transporters, Cam Moxe's ghost, journeyman OgHu
Spider:3 Roxanne
Elf:1 1 runed translucent door, Pual's ghost, veteran FoFi
Zot:5 1 runed translucent door, 1 exclusion, Suky's ghost, legendary KoDe


Innate Abilities, Weirdness & Mutations

((You are very nimble when in or above water. (Stealth+, EV+, Speed+++)))
Your lower body shifts to a powerful aquatic tail in water.
You are partially covered in iridescent scales. (AC +2)
You possess an exceptional clarity of mind.
You occasionally shout uncontrollably at your foes.
You are weak. (Str -2)
You sometimes lose the ability to read scrolls when taking damage.


Message History

5 stones; a +0 whip A soul eater and a pandemonium lord come into view.
Press: ? - help, v - describe, . - travel
Here: Yxuam The floor.
A sixfirhy comes into view.
Yxuam gestures at you. The bolt of energy hits you!
You block the sixfirhy's attack.
There is an open door here.
Yxuam gestures.
You block the sixfirhy's attack.
The sixfirhy hits you but does no damage.
There is a staircase leading out of the dungeon here.
You miss the sixfirhy. You block the sixfirhy's attack.
You slice Yxuam!!
Yxuam is lightly wounded.
You hear a deafening roar!
You slice Yxuam!!
Yxuam is moderately wounded.
Yxuam misses you.
You slice Yxuam!!
You slice through the folds of space itself!
You slash the soul eater!
Yxuam is heavily wounded.
You block Yxuam's attack.
You slice Yxuam like a ripe choko!!!
You slice through the folds of space itself!
You barely miss the soul eater. You hit the storm dragon.
Yxuam is heavily wounded.
You block Yxuam's attack.
You hit Yxuam.
Yxuam is severely wounded.
You block the sixfirhy's attack. You block Yxuam's attack.
The sixfirhy hits you but does no damage.
You open Yxuam like a pillowcase!!!
Yxuam is severely wounded.
You block the sixfirhy's attack. Yxuam barely misses you.
You block the sixfirhy's attack.
You hit Yxuam but do no damage.
Yxuam is severely wounded.
You block the sixfirhy's attack.
The sixfirhy hits you but does no damage.
You block Yxuam's attack.
The soul eater hits you but does no damage.
You slice Yxuam!!
Yxuam is almost dead.
Yxuam gestures at you. The bolt of energy misses you.
You slice Yxuam!!
You kill Yxuam!
Makhleb accepts your kill.
The storm dragon disappears in a puff of smoke!
A soul eater comes into view.
The soul eater misses you.
You barely miss the soul eater.
The soul eater is moderately wounded.
You hit the soul eater but do no damage.
You slice through the folds of space itself!
You slash the soul eater!
You open the sixfirhy like a pillowcase!!!
You kill the sixfirhy!
Makhleb accepts your kill.
The soul eater is moderately wounded.
The soul eater closely misses you.
You slice the soul eater!!
The soul eater is almost dead.
You block the soul eater's attack.
You slice the soul eater!!
You kill the soul eater!
Makhleb accepts your kill.
A soul eater comes into view.
You carve the soul eater like a ham!!!
The soul eater is almost dead.
You block the soul eater's attack.
You hit the soul eater.
You kill the soul eater!
Makhleb accepts your kill. You block the soul eater's attack.
You closely miss the soul eater. You block the soul eater's attack.
You barely miss the soul eater. You slash the soul eater!
The soul eater is lightly wounded.
The soul eater hits you but does no damage.
You completely miss the soul eater.
The soul eater is lightly wounded.
The soul eater hits you!
You slice the soul eater!!
The soul eater is heavily wounded.
You chop the soul eater into pieces!!!
You kill the soul eater!
Makhleb accepts your kill.
You feel better.
No target in view!
No target in view!
No target in view!
No target in view!
There is a staircase leading out of the dungeon here.
You can't go down here!
You have escaped!

##############
#............#
#............#
#....##+##...#
#....#...#...#
#..###.♣.###.#
#..#.......#.#
#..#.♣.@.♣.#.#
##..#.......#.#
#...###.♣.###.#
#######.#3&.#...#...#
#.......#...##'##...#
#.#..(.......3......#
###.#.########>.####..#
..>...# ##.# #.##
#.(.### #.# ##.#


There were no monsters in sight!

Vanquished Creatures
  4 dread liches
  An ancient lich (Vaults:5)
  A juggernaut (Depths:4)
  2 Killer Klowns (Zot:4)
  Xtahua (Depths:4)
  2 bone dragons (Depths:4)
  5 golden dragons
  An electric golem (Zot:1)
  16 tentacled monstrosities
  3 liches
  9 Orb Guardians
  6 titans
  The ghost of Ocaaf the Genius of the Arcane, an adept DsIE of Sif Muna (Elf:2)
  2 deep elf blademasters (Elf:3)
  3 quicksilver dragons
  2 deep elf master archers (Elf:3)
  A pandemonium lord (D:1)
  5 death cobs
  5 tentacled starspawn (Abyss:3)
  A kraken (Shoals:1)
  10 sphinxes
  9 shadow dragons
  15 storm dragons
  7 tengu reavers
  5 draconian monks
  Donald (Spider:3)
  A daeva (Depths:4)
  A demonspawn warmonger (Depths:4)
  A draconian knight (Depths:4)
  3 draconian scorchers
  17 vault wardens
  8 ghost moths
  10 frost giants
  12 fire giants
  4 emperor scorpions
  An orc warlord (Vaults:2)
  Louise (Depths:3)
  5 deep elf sorcerers (Elf:3)
  3 imperial myrmidons (Desolation)
  An iron dragon (Vaults:5)
  3 draconian stormcallers (Zot:4)
  5 draconian annihilators (Zot:4)
  2 angels
  2 broodmothers
  A demonspawn blood saint (D:6)
  2 draconian shifters
  3 ironbound thunderhulks
  4 deep elf elementalists (Elf:3)
  5 war gargoyles
  19 ironbound preservers
  19 stone giants
  3 reapers
  2 vampire knights
  6 green draconians
  26 very ugly things
  9 spark wasps
  3 halazid warlocks (Desolation)
  4 entropy weavers
  5 yellow draconians
  9 deep elf demonologists
  Azrael (Spider:3)
  3 purple draconians
  A spark wasp (shapeshifter) (Vaults:5)
  6 black draconians
  3 minotaurs
  8 dire elephants
  3 red draconians
  8 white draconians
  9 deep elf annihilators
  3 blizzard demons
  5 deep elf death magi (Elf:3)
  A crystal guardian (Desolation)
  7 ettins
  3 merfolk impalers
  5 fire dragons
  12 great orbs of eyes
  A quicksilver dragon zombie (Depths:3)
  12 yaktaur captains
  4 deep elf high priests
  9 servants of whispers
  4 rakshasas
  2 jorogumos
  4 ragged hierophants (Desolation)
  5 peacekeepers
  43 vault guards
  4 boulder beetles
  8 hydras
  3 hell beasts
  5 ice dragons
  A catoblepas (D:14)
  2 radroaches (Spider:4)
  3 death knights
  6 ogre magi
  4 merfolk avatars
  23 two-headed ogres
  12 satyrs
  8 ironbound frosthearts
  5 spriggan air magi
  2 merfolk aquamancers
  12 centaur warriors
  2 deep troll earth magi
  3 vampire magi
  5 tengu warriors
  Erica (D:8)
  4 deep troll shamans
  2 titan zombies
  29 dancing weapons
  5 spriggan berserkers
  4 large abominations (Abyss:3)
  5 thrashing horrors (Abyss:3)
  14 hell knights
  4 soul eaters
  16 deep elf knights
  3 pharaoh ants
  2 spriggans
  A sun moth (Spider:2)
  4 iron trolls
  A goliath frog (shapeshifter) (Vaults:5)
  5 wretched stars (Abyss:3)
  2 sixfirhies
  6 sea snakes
  5 skeletal warriors
  55 deep trolls
  9 orb spiders
  4 steelbarb worms
  2 glowing orange brains
  2 tengu zombies
  24 deep elf archers
  19 harpies
  3 flayed ghosts
  11 wizards
  9 phantasmal warriors
  13 orc knights
  14 lindwurms
  17 ironbound convokers
  4 necromancers
  21 wolf spiders
  33 deep elf zephyrmancers
  3 orc sorcerers
  28 deep elf pyromancers
  2 fire giant zombies
  50 ugly things
  A sphinx skeleton (Depths:3)
  18 moths of wrath
  A salamander (Depths:2)
  7 cyclopes
  A worldbinder (Abyss:3)
  A shining eye (shapeshifter) (Vaults:3)
  An elephant (Lair:6)
  22 fauns
  An eye of devastation (shapeshifter) (Elf:3)
  22 manticores
  A frost giant skeleton (Depths:1)
  4 torpor snails
  2 smoke demons (Abyss:3)
  5 merfolk sirens
  3 guardian serpents (Desolation)
  2 ice statues (IceCv)
  2 water nymphs
  2 black mambas
  24 vault sentinels
  A human zombie (Vaults:5)
  A gargoyle (D:12)
  4 cane toads
  A molten gargoyle (Desolation)
  36 yaktaurs
  A yaktaur (shapeshifter) (D:14)
  5 rime drakes
  10 komodo dragons
  A spriggan zombie (Depths:1)
  2 anaconda simulacra (IceCv)
  4 tengu conjurers
  A kobold demonologist (D:12)
  A tormentor (D:9)
  A hellwing (Abyss:3)
  6 demonic crawlers
  3 freezing wraiths
  6 ice devils (IceCv)
  10 trolls
  15 merfolk
  9 meliai
  A yaktaur skeleton (Vaults:5)
  4 entropy weaver simulacra (IceCv)
  2 ancient zymes (Abyss:3)
  6 hornets
  6 polar bears
  A tarantella (shapeshifter) (Elf:2)
  6 wind drakes
  A wind drake (shapeshifter) (D:15)
  22 tarantellas
  A hornet (shapeshifter) (Vaults:2)
  8 dream sheep
  6 blink frogs
  42 saltlings
  37 slime creatures
  24 jumping spiders
  3 dream sheep (shapeshifter)
  6 snapping turtles
  A meliai zombie (D:11)
  4 flying skulls
  2 jumping spiders (shapeshifter) (Vaults:5)
  12 culicivoras
  A centaur simulacrum (D:15)
  2 wraiths
  3 dire elephant simulacra (IceCv)
  An air elemental (Elf:1)
  12 water elementals
  12 yaks
  4 fire elementals
  Grum (D:9)
  3 basilisks
  2 chaos spawn (Abyss:3)
  An elf simulacrum (Vaults:5)
  A golden eye (shapeshifter) (Vaults:5)
  42 redbacks
  A human simulacrum (Vaults:1)
  2 neqoxecs
  2 death yak simulacra
  2 steam dragons
  9 vampire mosquitoes
  A harpy simulacrum (IceCv)
  7 wargs
  11 water moccasins
  4 hell hounds (Spider:3)
  A floating eye (D:8)
  2 sky beasts (D:5)
  2 ice beasts
  64 orc warriors
  A black bear (shapeshifter) (Elf:2)
  10 starcursed masses
  12 wolves
  A necrophage (D:6)
  A boggart (D:13)
  7 small abominations (Abyss:3)
  14 ogres
  18 centaurs
  2 phantoms (D:5)
  6 kobold brigands
  7 bullfrogs
  A gnoll sergeant (D:5)
  2 scorpions
  3 two-headed ogre simulacra
  4 earth elementals
  2 water moccasin skeletons
  9 wights
  An elephant simulacrum (D:12)
  12 killer bees
  4 electric eels
  A howler monkey (D:8)
  A quasit (Abyss:3)
  5 jellies
  A centaur zombie (D:8)
  A hound (D:6)
  2 centaur skeletons
  15 orc priests
  A bullfrog skeleton (D:6)
  A gnoll shaman (D:7)
  3 iron imps (Gauntlet)
  9 iguanas
  21 orc wizards
  A scorpion zombie (D:3)
  2 spriggan simulacra (D:12)
  A wolf simulacrum (IceCv)
  A polar bear simulacrum (IceCv)
  A troll simulacrum (D:12)
  A hound skeleton (D:3)
  2 howler monkey zombies
  9 gnolls
  A naga simulacrum (D:12)
  4 adders
  3 white imps
  4 ufetubi
  A worm (D:5)
  2 dart slugs
  101 orcs
  9 bats
  3 endoplasms
  2 giant cockroaches
  8 goblins
  A hobgoblin (D:1)
  6 jackals
  20 kobolds
  2 quokkas
  2 ball python skeletons (D:3)
  A ball python zombie (D:3)
  2 frilled lizards (D:1)
  A giant cockroach zombie (D:3)
  A quokka zombie (D:3)
  3 rats
  3 lurking horrors
  3 starspawn tentacles (Abyss:3)
  4 tentacles (Shoals:1)
2033 creatures vanquished.

Vanquished Creatures (collateral kills)
  A Killer Klown (Zot:4)
  A curse toe (Zot:4)
  A tentacled monstrosity (Zot:4)
  Jorgrun (Spider:3)
  A death cob (Zot:4)
  2 storm dragons (Zot:4)
  A slime creature (Vaults:3)
  A draconian annihilator (Zot:4)
  A deep elf annihilator (Elf:3)
  A red draconian (Zot:4)
  A deep elf death mage (Elf:3)
  A yaktaur captain (Vaults:3)
  A merfolk impaler (Shoals:3)
  A dancing weapon (Elf:3)
  An orb spider (Spider:4)
  2 wolf spiders (Spider:4)
  A moth of wrath (Zot:4)
  A manticore (Shoals:1)
  A demonic crawler (Spider:3)
  A tarantella (Spider:3)
  A dream sheep (Shoals:1)
  A jumping spider (Spider:3)
  5 redbacks
  An orc priest (D:4)
  An orc wizard (D:4)
  An orc (D:4)
32 creatures vanquished.

Vanquished Creatures (others)
  A walking frostbound tome (Depths:2)
  A vampire knight (Depths:2)
  An ogre mage (Vaults:5)
  A deep elf knight (Elf:1)
  A pharaoh ant (Spider:1)
  A red devil (Depths:4)
  A tarantella (Spider:4)
  3 ball lightnings (Elf:2)
  A bush (Lair:6)
  10 fungi
  62 plants
  16 starspawn tentacles (Abyss:3)
  9 tentacles (Shoals:1)
108 creatures vanquished.

Grand Total: 2173 creatures vanquished

Notes
Turn   | Place    | Note
-------+----------+-------------------------------------------
     0 | D:1      | EnegeticOcto the Merfolk Gladiator began the quest for the
                  | Orb.
     0 | D:1      | Reached XP level 1. HP: 16/16 MP: 1/1
   281 | D:1      | Reached skill level 1 in Stealth
   293 | D:1      | Reached XP level 2. HP: 18/22 MP: 2/2
   407 | D:1      | Reached skill level 5 in Polearms
   429 | D:1      | Found Fekhya's General Store.
   443 | D:1      | Bought a potion of curing for 42 gold pieces
   719 | D:2      | Reached skill level 2 in Stealth
   741 | D:2      | Reached XP level 3. HP: 27/27 MP: 3/3
  1516 | D:2      | Reached XP level 4. HP: 31/33 MP: 4/4
  1873 | D:2      | Reached skill level 6 in Polearms
  1873 | D:2      | Reached skill level 3 in Stealth
  2283 | D:3      | Reached skill level 7 in Polearms
  2283 | D:3      | Reached XP level 5. HP: 38/38 MP: 5/5
  2683 | D:3      | Noticed an ice beast
  2925 | D:4      | Identified the +2 helmet of the Planets {Str+4 Dex+3}
  2970 | D:4      | Noticed a water moccasin
  2980 | D:4      | Killed a water moccasin
  2981 | D:4      | Reached skill level 8 in Polearms
  2981 | D:4      | Reached XP level 6. HP: 31/44 MP: 6/6
  2990 | D:4      | Reached skill level 9 in Polearms
  3451 | D:4      | Reached skill level 10 in Polearms
  3688 | D:3      | Killed an ice beast
  3689 | D:3      | Reached XP level 7. HP: 40/50 MP: 7/7
  3825 | D:5      | Entered Level 5 of the Dungeon
  3825 | D:5      | Found a staircase to the Ecumenical Temple.
  3839 | Temple   | Entered the Ecumenical Temple
  4107 | Temple   | Became a worshipper of Makhleb the Destroyer
  4156 | D:5      | Reached skill level 11 in Polearms
  4338 | D:5      | Reached skill level 3 in Fighting
  4364 | D:5      | Reached skill level 12 in Polearms
  4364 | D:5      | Reached XP level 8. HP: 49/60 MP: 8/8
  4387 | D:5      | Reached skill level 4 in Fighting
  4598 | D:5      | Reached skill level 5 in Fighting
  4647 | D:5      | You fall into a shaft and drop 2 floors!
  4663 | D:7      | Reached skill level 13 in Polearms
  4691 | D:7      | Reached * piety under Makhleb
  4866 | D:6      | Reached skill level 6 in Fighting
  4911 | D:6      | Reached XP level 9. HP: 70/70 MP: 9/9
  5038 | D:6      | Reached skill level 14 in Polearms
  5056 | D:6      | Reached skill level 7 in Fighting
  5589 | D:5      | Identified the +1 cloak "Lyipp" {rC+}
  5946 | D:7      | Reached skill level 8 in Fighting
  5954 | D:7      | Reached skill level 15 in Polearms
  6056 | D:7      | Reached ** piety under Makhleb
  6204 | D:7      | Identified 2 scrolls of acquirement
  6204 | D:7      | Acquired the ring "Wit Tevu" {MP+9 Str+2 Int+2 Dex+6 SInv}
  6206 | D:7      | Acquired 1240 gold pieces
  6603 | D:1      | Bought a wand of flame (8) for 70 gold pieces
  6856 | D:8      | Reached skill level 1 in Invocations
  6892 | D:8      | Found a staircase to the Lair.
  7071 | D:8      | Reached skill level 1 in Armour
  7081 | D:8      | Reached skill level 2 in Invocations
  7081 | D:8      | Reached XP level 10. HP: 82/82 MP: 11/11
  7300 | D:8      | Noticed Erica
  7309 | D:8      | Killed Erica
  7310 | D:8      | Reached skill level 9 in Fighting
  7310 | D:8      | Reached skill level 5 in Dodging
  7310 | D:8      | Reached skill level 3 in Invocations
  7364 | D:8      | Reached skill level 2 in Armour
  7432 | D:8      | Noticed an oklob plant
  7478 | D:8      | Paralysed by a floating eye for 4 turns
  7484 | D:8      | Reached skill level 6 in Dodging
  7515 | D:8      | Noticed an oklob plant
  7756 | D:9      | Noticed Grum
  7778 | D:9      | Killed Grum
  7779 | D:9      | Reached skill level 4 in Invocations
  7982 | D:9      | Reached *** piety under Makhleb
  7983 | D:9      | Reached skill level 3 in Armour
  8074 | D:9      | Reached skill level 7 in Dodging
  8433 | D:10     | Entered Level 10 of the Dungeon
  8433 | D:10     | Found an opulent altar of Gozag.
  8449 | D:10     | Reached skill level 5 in Invocations
  8503 | D:10     | Reached skill level 10 in Fighting
  8503 | D:10     | Reached XP level 11. HP: 90/90 MP: 14/14
  8519 | D:10     | Reached skill level 8 in Dodging
  8859 | D:10     | Reached skill level 4 in Armour
  8882 | D:10     | Noticed a two-headed ogre
  8890 | D:10     | Killed a two-headed ogre
  8891 | D:10     | Reached skill level 6 in Invocations
  9153 | Lair:1   | Entered Level 1 of the Lair of Beasts
  9189 | Lair:1   | Reached skill level 9 in Dodging
  9207 | Lair:1   | Found a gate leading to a gauntlet.
  9216 | Gauntlet | Entered a Gauntlet
  9216 | Gauntlet | Found a transporter.
  9216 | Gauntlet | Found a transporter.
  9216 | Gauntlet | Found a transporter.
  9226 | Gauntlet | Found a transporter.
  9230 | Gauntlet | Found a transporter.
  9233 | Gauntlet | Found a runed translucent door.
  9235 | Gauntlet | Found a runed translucent door.
  9237 | Gauntlet | Found a transporter.
  9240 | Gauntlet | Found a transporter.
  9244 | Gauntlet | Found a runed translucent door.
  9248 | Gauntlet | Found a transporter.
  9255 | Gauntlet | Found a runed translucent door.
  9266 | Gauntlet | Found a transporter.
  9268 | Gauntlet | Found the +3 pair of gauntlets of War {Slay+5}
  9270 | Gauntlet | Noticed a moth of wrath
  9283 | Gauntlet | Found a transporter.
  9286 | Gauntlet | Found a transporter.
  9296 | Gauntlet | Found a transporter.
  9463 | Gauntlet | Reached skill level 7 in Invocations
  9484 | Gauntlet | Reached **** piety under Makhleb
  9497 | Gauntlet | Killed a moth of wrath
  9498 | Gauntlet | Reached skill level 10 in Dodging
  9602 | Gauntlet | Identified the +2 hat "Muggih" {-Tele Fly Stlth+}
  9645 | Gauntlet | Noticed a minotaur
  9659 | Gauntlet | Killed a minotaur
  9660 | Gauntlet | Reached skill level 8 in Invocations
  9693 | Gauntlet | Identified the +8 long sword "Ajump" {freeze, rF+ Dex+5
                  | Stlth+}
  9693 | Gauntlet | Identified the +7 flail of the Equinox {vorpal, rF+ rCorr
                  | Str+4}
  9694 | Gauntlet | Got the Tome of Darkness
  9730 | Lair:1   | Reached skill level 9 in Invocations
  9890 | Lair:1   | Reached skill level 1 in Long Blades
 10371 | Lair:2   | Reached skill level 2 in Long Blades
 10470 | Lair:2   | Noticed an eight-headed hydra
 10485 | Lair:2   | Killed an eight-headed hydra
 10486 | Lair:2   | Reached skill level 3 in Long Blades
 10486 | Lair:2   | Reached XP level 12. HP: 91/97 MP: 19/19
 10516 | Lair:2   | Reached skill level 10 in Invocations
 10554 | Lair:2   | Noticed Cam Moxe's ghost (journeyman OgHu)
 10558 | Lair:2   | Found a bloodstained altar of Trog.
 10563 | Lair:2   | Found a transporter.
 10577 | Lair:2   | Reached skill level 4 in Long Blades
 10615 | Lair:2   | Found a transporter.
 10687 | Lair:2   | Found a staircase to the Shoals.
 10800 | Lair:2   | Found a hole to the Spider Nest.
 10998 | Lair:2   | Found a corrupted altar of Lugonu.
 11044 | Lair:2   | Found a one-way gate to the infinite horrors of the Abyss.
 11182 | Lair:3   | Reached skill level 5 in Long Blades
 11278 | Lair:3   | Reached skill level 11 in Invocations
 11357 | Lair:3   | Reached skill level 6 in Long Blades
 11817 | Lair:3   | Reached skill level 7 in Long Blades
 12079 | Lair:4   | Noticed a five-headed hydra
 12087 | Lair:4   | Killed a five-headed hydra
 12112 | Lair:4   | Reached skill level 12 in Invocations
 12194 | Lair:4   | Noticed a six-headed hydra
 12204 | Lair:4   | Killed a six-headed hydra
 12205 | Lair:4   | Reached skill level 8 in Long Blades
 12381 | Lair:4   | Noticed a five-headed hydra
 12390 | Lair:4   | Killed a five-headed hydra
 12438 | Lair:4   | Reached skill level 9 in Long Blades
 12447 | Lair:4   | Reached XP level 13. HP: 103/103 MP: 22/22
 12520 | Lair:4   | Reached ***** piety under Makhleb
 12545 | Lair:4   | Reached skill level 10 in Long Blades
 12974 | Lair:5   | Reached skill level 11 in Long Blades
 13569 | Lair:6   | Entered Level 6 of the Lair of Beasts
 13787 | Lair:6   | Noticed a dire elephant
 13804 | Lair:6   | Killed a dire elephant
 13805 | Lair:6   | Reached skill level 12 in Long Blades
 13823 | Lair:6   | Reached skill level 1 in Shields
 13823 | Lair:6   | Reached skill level 1 in Evocations
 13890 | Lair:6   | Reached skill level 2 in Shields
 13890 | Lair:6   | Reached skill level 2 in Evocations
 14134 | Lair:6   | Found a runed translucent door.
 14145 | Lair:6   | Found a viscous altar of Jiyva.
 14355 | Lair:6   | Reached skill level 3 in Shields
 14355 | Lair:6   | Reached skill level 3 in Evocations
 14570 | Lair:6   | Found a staircase to the Slime Pits.
 15261 | D:11     | Reached skill level 5 in Armour
 15440 | D:12     | Reached XP level 14. HP: 111/111 MP: 23/23
 15476 | D:12     | Reached skill level 11 in Fighting
 15535 | D:12     | Reached skill level 4 in Shields
 15535 | D:12     | Reached skill level 4 in Evocations
 15793 | D:12     | Found a frozen archway.
 15808 | IceCv    | Entered an ice cave
 16013 | IceCv    | Reached skill level 6 in Armour
 16133 | IceCv    | Reached skill level 12 in Fighting
 16170 | IceCv    | Reached ****** piety under Makhleb
 16230 | IceCv    | Noticed a reaper
 16240 | IceCv    | Killed a reaper
 16254 | IceCv    | Got the Reference Book on Cold
 16497 | D:12     | Found a staircase to the Orcish Mines.
 16743 | Orc:1    | Entered Level 1 of the Orcish Mines
 16921 | Orc:2    | Entered Level 2 of the Orcish Mines
 17400 | Orc:1    | Found Vilig's Assorted Antiques.
 17447 | Orc:1    | Bought a potion of curing for 66 gold pieces
 17447 | Orc:1    | Bought a scroll of teleportation for 66 gold pieces
 17658 | Orc:2    | Reached skill level 7 in Armour
 17725 | Orc:2    | Reached skill level 13 in Fighting
 17824 | Orc:2    | Found Zogen's Antique Weapon Emporium.
 17824 | Orc:2    | Found Edghu's Antique Armour Boutique.
 17825 | Orc:2    | Found Baho Baq's Antique Weapon Shop.
 17949 | Orc:2    | Found Riufud's Book Shoppe.
 17964 | Orc:2    | Bought a warped plate armour for 868 gold pieces
 17964 | Orc:2    | Identified the +2 plate armour of the Turtle {*Corrode rN++
                  | Str+2 SInv} (You bought it in a shop on level 2 of the
                  | Orcish Mines)
 17969 | Orc:2    | Bought a manual of Fighting for 1280 gold pieces
 17984 | Orc:2    | Found a staircase to the Elven Halls.
 18354 | Orc:1    | Bought a glowing plate armour for 572 gold pieces
 18649 | D:13     | Reached skill level 14 in Fighting
 18656 | D:13     | Reached XP level 15. HP: 114/126 MP: 24/24
 18657 | D:13     | Reached skill level 8 in Armour
 18683 | D:13     | Reached skill level 15 in Fighting
 18749 | D:13     | Found Muucreol's Armour Emporium.
 18961 | D:13     | Found a gate to the Vaults.
 19572 | D:14     | Reached skill level 16 in Fighting
 20033 | D:15     | Entered Level 15 of the Dungeon
 20072 | D:15     | Reached skill level 13 in Invocations
 20582 | D:15     | Reached skill level 9 in Armour
 20605 | D:15     | Reached skill level 17 in Fighting
 20654 | D:15     | Reached XP level 16. HP: 96/141 MP: 26/26
 20899 | D:15     | Found a staircase to the Depths.
 21324 | Shoals:1 | Entered Level 1 of the Shoals
 21604 | Shoals:1 | Reached skill level 18 in Fighting
 21950 | Shoals:1 | Reached skill level 14 in Invocations
 22488 | Shoals:1 | Noticed a kraken
 22503 | Shoals:1 | Killed a kraken
 22677 | Shoals:1 | Noticed a titan
 22728 | Shoals:1 | Killed a titan
 23231 | Shoals:2 | Reached skill level 10 in Armour
 24246 | Shoals:3 | Reached skill level 19 in Fighting
 24409 | Shoals:3 | Reached skill level 15 in Invocations
 25033 | Shoals:4 | Entered Level 4 of the Shoals
 25517 | Shoals:4 | Reached XP level 17. HP: 142/154 MP: 28/28
 25687 | Shoals:4 | Noticed a sphinx
 25687 | Shoals:4 | Noticed a sphinx
 25769 | Shoals:4 | Killed a sphinx
 25778 | Shoals:4 | Reached skill level 11 in Armour
 25784 | Shoals:4 | Reached skill level 20 in Fighting
 25789 | Shoals:4 | Killed a sphinx
 25849 | Shoals:4 | Reached skill level 16 in Invocations
 26018 | Shoals:4 | Got a barnacled rune of Zot
 26314 | Spider:1 | Entered Level 1 of the Spider Nest
 26555 | Spider:1 | Acquired the +1 cloak of Filth {rPois rCorr Slay+5}
 26808 | Spider:1 | Identified the +11 spear of Integrity {vorpal, rN+}
 27261 | Spider:2 | Paralysed by a jorogumo for 3 turns
 27358 | Spider:2 | Got Istrofig's Collected Works on the Fetching Frostbite
 27900 | Spider:2 | Reached skill level 12 in Armour
 27900 | Spider:2 | Reached skill level 17 in Invocations
 28565 | Spider:3 | Reached XP level 18. HP: 162/162 MP: 30/30
 28567 | Spider:3 | Noticed Azrael
 28580 | Spider:3 | Killed Azrael
 28616 | Spider:3 | Noticed Roxanne
 28872 | Spider:3 | Noticed Jorgrun
 28879 | Spider:3 | Noticed Donald
 28880 | Spider:3 | Reached skill level 18 in Invocations
 28885 | Spider:3 | Killed Jorgrun
 28891 | Spider:3 | Killed Donald
 29223 | Spider:4 | Entered Level 4 of the Spider Nest
 29237 | Spider:4 | Reached skill level 5 in Shields
 29788 | Spider:3 | Reached skill level 6 in Shields
 30126 | Spider:4 | Reached skill level 11 in Dodging
 30142 | Spider:4 | Reached skill level 7 in Shields
 30232 | Spider:4 | Reached skill level 8 in Shields
 30327 | Spider:4 | Got a gossamer rune of Zot
 30692 | Spider:4 | Reached skill level 12 in Dodging
 31466 | Elf:1    | Entered Level 1 of the Elven Halls
 31630 | Vaults:1 | Entered Level 1 of the Vaults
 31645 | Vaults:1 | Reached skill level 9 in Shields
 32092 | Vaults:1 | Reached skill level 10 in Shields
 32164 | Vaults:1 | Reached XP level 19. HP: 151/169 MP: 32/32
 32205 | Vaults:1 | Reached skill level 11 in Shields
 32557 | Vaults:1 | Reached skill level 12 in Shields
 32650 | Vaults:1 | Cast into level 3 of the Abyss (a wizard)
 32912 | Abyss:3  | Reached skill level 13 in Shields
 33051 | Abyss:3  | Gained mutation: You are weak. (Str -2) [a neqoxec]
 33106 | Abyss:3  | HP: 3/169 [stone wall collision (14)]
 33254 | Vaults:1 | Escaped the Abyss
 33837 | Vaults:1 | Reached skill level 14 in Shields
 34115 | Vaults:2 | Identified the ring "Hug Rosu" {Fire +Blink Stlth+}
 34349 | Vaults:2 | Found Qeleryokk's Armour Emporium.
 34455 | Vaults:2 | Found Simnad's Antique Weapon Emporium.
 34579 | Vaults:2 | Reached skill level 15 in Shields
 34770 | Vaults:2 | Noticed a Tzitzimitl
 34780 | Vaults:2 | Reached skill level 5 in Evocations
 34829 | Vaults:2 | Reached skill level 13 in Dodging
 34852 | Vaults:2 | Reached XP level 20. HP: 114/176 MP: 33/33
 34991 | Vaults:2 | Reached skill level 6 in Evocations
 34991 | Vaults:2 | Noticed a golden dragon
 35012 | Vaults:2 | Identified the ring of Ycusser {*Corrode +Blink rElec rN+++
                  | MP+9}
 35014 | Vaults:2 | Killed a golden dragon
 35652 | Vaults:2 | Reached skill level 14 in Dodging
 35654 | Vaults:2 | Reached skill level 7 in Evocations
 35974 | Vaults:2 | Found Zufeup's Weapon Emporium.
 36205 | Vaults:2 | Identified the +0 chain mail of the Blacksmith {rElec
                  | Will+}
 36253 | Vaults:2 | Found the +15 Maxwell's patent armour {-Cast -Tele rElec
                  | Will+ rCorr}
 36449 | Vaults:2 | Reached skill level 8 in Evocations
 36685 | Vaults:3 | Reached skill level 15 in Dodging
 36719 | Vaults:3 | Reached skill level 9 in Evocations
 37148 | Vaults:3 | Reached skill level 10 in Evocations
 37749 | Vaults:3 | Found a staircase to the Crypt.
 37860 | Vaults:3 | Gained mutation: You have hidden genetic defects. [a
                  | shining eye]
 37886 | Vaults:3 | Lost mutation: You are weak. (Str -2) [potion of mutation]
 37886 | Vaults:3 | Lost mutation: You have hidden genetic defects. [potion of
                  | mutation]
 37886 | Vaults:3 | Gained mutation: You are dopey. (Int -2) [potion of
                  | mutation]
 37886 | Vaults:3 | Lost mutation: You are dopey. (Int -2) [potion of mutation]
 37886 | Vaults:3 | Gained mutation: Your magical capacity is low. (-10% MP)
                  | [potion of mutation]
 37886 | Vaults:3 | Gained mutation: You have a pair of small antennae on your
                  | head. [potion of mutation]
 37887 | Vaults:3 | Lost mutation: Your magical capacity is low. (-10% MP)
                  | [potion of mutation]
 37887 | Vaults:3 | Gained mutation: You occasionally shout uncontrollably at
                  | your foes. [potion of mutation]
 37888 | Vaults:3 | Lost mutation: You occasionally shout uncontrollably at
                  | your foes. [potion of mutation]
 37888 | Vaults:3 | Lost mutation: You have a pair of small antennae on your
                  | head. [potion of mutation]
 37888 | Vaults:3 | Gained mutation: You are weak. (Str -2) [potion of
                  | mutation]
 37888 | Vaults:3 | Gained mutation: You are partially covered in iridescent
                  | scales. (AC +2) [potion of mutation]
 37888 | Vaults:3 | Gained mutation: You possess an exceptional clarity of
                  | mind. [potion of mutation]
 38242 | Vaults:3 | Reached XP level 21. HP: 112/183 MP: 34/34
 38431 | Vaults:4 | Reached skill level 13 in Long Blades
 38656 | Vaults:4 | Paralysed by a sphinx for 6 turns
 39087 | Vaults:4 | Reached skill level 13 in Armour
 39857 | Elf:1    | Reached skill level 14 in Long Blades
 40113 | Elf:1    | Found Kaumpewk's Antique Weapon Boutique.
 40140 | Elf:1    | Found a runed translucent door.
 40140 | Elf:1    | Found a shimmering altar of Xom.
 40140 | Elf:1    | Noticed Pual's ghost (veteran FoFi)
 40215 | Elf:1    | Paralysed by an air elemental for 1 turns
 40218 | Elf:1    | Paralysed by an air elemental for 1 turns
 40804 | Elf:1    | Found a portal to a secret trove of treasure.
 41042 | Elf:2    | Reached skill level 15 in Long Blades
 41155 | Elf:2    | Found a runed translucent gate.
 41156 | Elf:2    | Found a runed translucent gate.
 41157 | Elf:2    | Found a runed translucent gate.
 41157 | Elf:2    | Noticed Ocaaf's ghost (adept DsIE)
 41340 | Elf:2    | Found a runed translucent gate.
 41341 | Elf:2    | Found a runed translucent gate.
 41341 | Elf:2    | Found a runed translucent gate.
 41379 | Elf:2    | Found a crumbling gateway.
 41391 | Desolati | Entered the Desolation of Salt
 41428 | Desolati | Reached skill level 14 in Armour
 41576 | Desolati | Reached skill level 16 in Long Blades
 41612 | Desolati | Identified the ring of the Glimmering Madman {rC+ Will+
                  | MP+9 Stlth+}
 41683 | Desolati | Reached XP level 22. HP: 190/190 MP: 35/35
 42061 | Desolati | Got the Catalogue of Translocation
 42062 | Desolati | Identified the ring "Vezaz" {Str+6 Slay+3}
 42087 | Desolati | Identified the ring of Yshrei {Ice rPois rCorr}
 42256 | Desolati | Identified the ring "Wismiude" {rElec Str+3 Int-5 Slay+4}
 42259 | Desolati | Identified the +1 cloak "Ruer" {rN++}
 42273 | Desolati | Got the Incunabulum of Twisted Summoning
 42694 | Elf:2    | Reached skill level 17 in Long Blades
 43217 | Elf:2    | Reached skill level 18 in Long Blades
 43220 | Elf:2    | Gained mutation: You occasionally shout uncontrollably at
                  | your foes. [mutagenic glow]
 43231 | Elf:2    | Killed Ocaaf's ghost
 43253 | Elf:2    | Gained mutation: You sometimes lose the ability to read
                  | scrolls when taking damage. [mutagenic glow]
 43256 | Elf:2    | Identified the +2 pair of boots of Unlecosu {rPois rC+
                  | Regen+}
 43320 | Elf:3    | Entered Level 3 of the Elven Halls
 43412 | Elf:3    | Cast into level 3 of the Abyss (a deep elf sorcerer)
 43641 | Elf:3    | Escaped the Abyss
 43656 | Elf:3    | Reached skill level 19 in Long Blades
 43733 | Elf:3    | Reached skill level 20 in Long Blades
 43841 | Elf:3    | Found Ihypo's Distillery.
 43850 | Elf:3    | Bought a potion of heal wounds for 75 gold pieces
 43850 | Elf:3    | Bought a potion of heal wounds for 75 gold pieces
 43850 | Elf:3    | Bought a potion of might for 60 gold pieces
 44031 | Elf:3    | Identified the ring of Kedaxko {Ice Slay+2}
 44036 | Elf:3    | Identified the ring "Eqyzuah" {rC+ MP+9}
 44056 | Elf:3    | Identified the +6 executioner's axe of Xuxkiacu {holy,
                  | Dex+3 Stlth+}
 44194 | Elf:3    | Acquired the ring of Nuitojiy {EV+4 Str+5}
 44372 | Elf:3    | Found an ancient bone altar of Kikubaaqudgha.
 44772 | Depths:1 | Entered Level 1 of the Depths
 44782 | Depths:1 | Reached XP level 23. HP: 196/196 MP: 36/36
 44998 | Depths:1 | Found a gateway to Hell.
 45116 | Depths:1 | Found a radiant altar of Vehumet.
 45344 | Depths:2 | Noticed a golden dragon
 45365 | Depths:2 | Killed a golden dragon
 45469 | Depths:2 | Reached skill level 16 in Dodging
 45469 | Depths:2 | Reached skill level 11 in Evocations
 45681 | Depths:2 | You fall into a shaft and drop 1 floor!
 46453 | Depths:2 | Found a one-way gate leading to the halls of Pandemonium.
 46564 | Depths:3 | Noticed Louise
 46584 | Depths:3 | Killed Louise
 46623 | Depths:3 | Found Ewnal's Book Emporium.
 46624 | Depths:3 | Found Eruememu's Jewellery Shop.
 46625 | Depths:3 | Found Betzann's Book Emporium.
 46766 | Depths:3 | Reached skill level 17 in Dodging
 46883 | Depths:3 | Reached skill level 12 in Evocations
 47727 | Depths:4 | Entered Level 4 of the Depths
 47741 | Depths:4 | Found Usiwas's Weapon Shoppe.
 47751 | Depths:4 | Reached XP level 24. HP: 206/206 MP: 36/36
 47820 | Depths:4 | Noticed Xtahua
 47837 | Depths:4 | Noticed a juggernaut
 47850 | Depths:4 | Killed Xtahua
 47851 | Depths:4 | Reached skill level 18 in Dodging
 47854 | Depths:4 | Killed a juggernaut
 47894 | Depths:4 | Reached skill level 13 in Evocations
 47899 | Depths:4 | Found a flickering gateway to a bazaar.
 47930 | Bazaar   | Entered a bazaar
 47967 | Bazaar   | Found Veypos's Armour Shoppe.
 47983 | Bazaar   | Found Baygixio's Magic Scroll Shoppe.
 47983 | Bazaar   | Found Juobyson's Distillery.
 47988 | Bazaar   | Bought a scroll of immolation for 38 gold pieces
 47988 | Bazaar   | Bought a scroll of teleportation for 33 gold pieces
 47994 | Bazaar   | Bought a potion of mutation for 72 gold pieces
 47994 | Bazaar   | Bought 2 potions of heal wounds for 90 gold pieces
 47994 | Bazaar   | Bought a potion of mutation for 72 gold pieces
 47994 | Bazaar   | Bought a potion of might for 36 gold pieces
 47994 | Bazaar   | Bought a potion of ambrosia for 72 gold pieces
 47994 | Bazaar   | Bought a potion of haste for 90 gold pieces
 48005 | Bazaar   | Found Ziadea's Assorted Antiques.
 48010 | Bazaar   | Bought a scroll of teleportation for 96 gold pieces
 48010 | Bazaar   | Bought a scroll of vulnerability for 240 gold pieces
 48046 | Bazaar   | Bought a potion of curing for 27 gold pieces
 48046 | Bazaar   | Bought a potion of curing for 27 gold pieces
 48046 | Bazaar   | Bought a potion of berserk rage for 45 gold pieces
 48132 | Depths:4 | Found Riothe's General Store.
 48139 | Depths:4 | Bought a potion of heal wounds for 55 gold pieces
 48139 | Depths:4 | Bought a potion of heal wounds for 55 gold pieces
 48139 | Depths:4 | Bought a scroll of enchant armour for 82 gold pieces
 48139 | Depths:4 | Bought a scroll of vulnerability for 82 gold pieces
 48260 | Depths:4 | Found a one-way gateway to a ziggurat.
 48353 | Depths:4 | Found a shimmering blue altar of Sif Muna.
 48493 | Depths:4 | Found Plog's Antique Armour Shoppe.
 48497 | Depths:4 | Bought a transparent plate armour for 1064 gold pieces
 48497 | Depths:4 | Identified the +1 plate armour "Hetruofa" {rElec} (You
                  | bought it in a shop on level 4 of the Depths)
 48527 | Depths:4 | Found Paxu's Armour Shoppe.
 48773 | Depths:4 | Reached skill level 19 in Dodging
 48806 | Depths:4 | Found a gate to the Realm of Zot.
 49346 | Vaults:5 | Entered Level 5 of the Vaults
 49381 | Vaults:5 | Reached skill level 14 in Evocations
 49659 | Vaults:5 | Reached skill level 20 in Dodging
 49671 | Vaults:5 | Noticed a dread lich
 49693 | Vaults:5 | Killed a dread lich
 49699 | Vaults:5 | Identified the +5 rapier "Zumuj" {speed, rPois Dex-2
                  | Stlth+}
 49700 | Vaults:5 | Reached skill level 15 in Evocations
 49719 | Vaults:5 | Paralysed by a sphinx for 7 turns
 49724 | Vaults:5 | Noticed an ancient lich
 49733 | Vaults:5 | Killed an ancient lich
 49771 | Vaults:5 | Reached XP level 25. HP: 213/213 MP: 36/36
 49771 | Vaults:5 | Noticed a dread lich
 49786 | Vaults:5 | Reached skill level 16 in Evocations
 49807 | Vaults:5 | Killed a dread lich
 49822 | Vaults:5 | Identified the ring of the Mackerel {Will+ Int+6}
 49848 | Vaults:5 | Reached skill level 17 in Evocations
 49859 | Vaults:5 | Identified the ring "Afeinam" {Fire rN++ Will+ Dex+3}
 50346 | Vaults:5 | Identified the amulet of Gaobryll {Spirit Will+}
 50393 | Vaults:5 | Identified the +12 hunting sling of Hairy Resourcefulness
                  | {flame, Int+2 Dex+3 Stlth+}
 50425 | Vaults:5 | Noticed a dread lich
 50476 | Vaults:5 | Killed a dread lich
 50597 | Vaults:5 | Got a silver rune of Zot
 50736 | Vaults:5 | Reached skill level 18 in Evocations
 51421 | Zot:1    | Entered Level 1 of the Realm of Zot
 51841 | Zot:4    | Noticed a dread lich
 51849 | Zot:4    | Noticed a Killer Klown
 51852 | Zot:4    | Noticed a Killer Klown
 51858 | Zot:4    | Noticed a Killer Klown
 51865 | Zot:4    | Killed a dread lich
 51866 | Zot:4    | Reached skill level 19 in Invocations
 51870 | Zot:4    | Killed a Killer Klown
 51879 | Zot:4    | Killed a Killer Klown
 51879 | Zot:4    | Killed a Killer Klown
 51931 | Zot:4    | Reached XP level 26. HP: 192/220 MP: 30/36
 52111 | Zot:4    | Reached skill level 15 in Armour
 53171 | Zot:5    | Entered Level 5 of the Realm of Zot
 53197 | Zot:5    | Reached skill level 20 in Invocations
 53783 | Zot:5    | Found a runed translucent door.
 53784 | Zot:5    | Noticed Suky's ghost (legendary KoDe)
 53946 | Zot:5    | Noticed a Killer Klown
 53946 | Zot:5    | Noticed a Killer Klown
 53946 | Zot:5    | Noticed a Killer Klown
 53947 | Zot:5    | Noticed a Killer Klown
 53949 | Zot:5    | Got the Orb of Zot
 53950 | Zot:5    | Noticed a Killer Klown
 53950 | Zot:5    | Noticed a Killer Klown
 53951 | Zot:5    | Noticed a Killer Klown
 53951 | Zot:5    | Noticed an ancient lich
 53951 | Zot:5    | Noticed an orb of fire
 54479 | D:7      | Noticed Vezxess the pandemonium lord
 54647 | D:1      | Noticed Yxuam the pandemonium lord
 54665 | D:1      | Killed Yxuam the pandemonium lord
 54681 | D:$      | Escaped with the Orb!

Illustrated notes

Levels and vault maps discovered:
D:1:      dpeg_arrival_simpleton_c, layout_rooms, serial_shops,
          nicolae_lakefront_shop
D:2:      layout_basic, minmay_surrounded
D:3:      layout_rooms, serial_undead, serial_undead_c, serial_undead_b,
          serial_undead_c, serial_undead_d, serial_undead_c, serial_undead_c,
          serial_undead_b, serial_undead_e, serial_undead_e, serial_undead_a,
          hangedman_decor_clover_reticule,
          nicolae_concentric_dashed_squares_wild
D:4:      layout_rooms, nrook_loot_triangle
D:5:      layout_loops_ring, minmay_temple_entry_proselytizer,
          minmay_fractal_squares_diagonal_5
D:6:      nicolae_cairo_tiling_large, layout_rooms, nicolae_sextant,
          grunt_decor_arrowhead, st_stairs_2
D:7:      layout_basic, serial_glass, glass_columns_b, glass_columns_b,
          dk_noncrumbling_3
D:8:      nicolae_cairo_tiling_very_big, layout_loops_corners,
          hangedman_decor_peaks_small, disabler_island, uniq_erica
D:9:      layout_long_grid, due_unseen_surprise, uniq_grum
D:10:     layout_irregular_city, lemuel_crystal_altar, small_statue_alley_a
D:11:     layout_irregular_city
D:12:     layout_irregular_city, david_orc_1_choice,
          portal_ice_cave_entry_ice_simulacra
D:13:     layout_long_grid, hangedman_vaults_entry_quadrant_bands, serial_shops,
          nicolae_shop_statue_plus, minmay_misc_feat_tower
D:14:     layout_loops_ring, minmay_puff
D:15:     gammafunk_enter_depths_forms, layout_rooms, minmay_misc_feat_rows
Temple:   mainiacjoe_temple_archimedes_tessellation
Lair:1:   layout_chaotic_city, gauntlet_entry_generic, grunt_megastairs_3
Lair:2:   layout_regular_city, elwin_shoals_entry_rooms,
          nicolae_spider_entry_tight_spaces, gammafunk_ghost_wrathful_warriors,
          amcnicky_altar_lugonu_corruption, grunt_megastairs_2
Lair:3:   layout_regular_city, beast_lair_carwin_3, infiniplex_staircase_pool_2
Lair:4:   layout_regular_city, chequers_serial_rivers_large_b
Lair:5:   hellmonk_destroyed_diamonds, layout_loops_ring, serial_bayou_pond_e
Lair:6:   gammafunk_lair_ancient_temple, layout_regular_city, slime_altar_2,
          serial_bayou, serial_bayou_crossing, serial_bayou_ford_a,
          serial_bayou_lake_a, serial_bayou_pond_a
Shoals:1: cheibrodos_shoals_gigantism, layout_shoals
Shoals:2: layout_shoals, nicolae_shoals_nautilus_by_nature, overgrown_hall
Shoals:3: cheibrodos_shoals_roost, layout_shoals,
          nicolae_shoals_stone_sculpture_thing
Shoals:4: shoals_end_hellmonk_lost_city
Spider:1: layout_spider_delve
Spider:2: layout_chambers
Spider:3: layout_spider_delve, uniq_azrael, uniq_donald, uniq_jorgrun,
          uniq_roxanne
Spider:4: grunt_spider_rune_island, nicolae_spider_circle_web
Orc:1:    layout_diamond_mine, serial_shops, nicolae_square_shop
Orc:2:    st_orc_rangers, layout_diamond_mine
Elf:1:    minmay_elf_arrival_plus, layout_loops_ring,
          nicolae_trove_entry_columns, serial_shops, shop_statue,
          ebering_ghost_xom, hangedman_corner_corridor
Elf:2:    nicolae_elf_blades_crystal_corner, layout_geoelf_octagon,
          portal_desolation_entry_nicolae_nacl, gammafunk_ghost_tricky_traps,
          nicolae_elf_variegated_diamond
Elf:3:    grunt_elf_hall_diamonds, layout_gridlike, serial_shops, shop,
          basic_altar
Vaults:1: v_alt_pattern_3, hangedman_vaults_capsules, hangedman_vaults_hat,
          v_misc_26, vaults_dpeg_encased_lava, vaults_room_large_hall,
          vaults_room_grunt_arrival_checkpoint, grunt_vaults_twisty,
          vaults_dpeg_diagonal, grunt_vaults_bifocal, nicolae_vaults_big_ls,
          special_room_vaults [special_room_orc], serial_ice_h,
          vaults_dpeg_spiral, layout_vaults_omnibox
Vaults:2: vaults_room_fours, v_misc_10, st_greater_box_3,
          hangedman_vaults_slither, v_rooms_5, ontoclasm_vaults_fault,
          ontoclasm_vaults_gateway, vaults_dpeg_hooks, layout_vaults_omnigrid,
          serial_shops, shop, nicolae_shop_hallway_plus,
          nicolae_shop_bloodbath_and_beyond
Vaults:3: v_pattern_3, ontoclasm_vaults_shout, blue_anna_dwarven_crypt,
          vaults_room_semicircle, v_misc_13, grunt_vaults_trifunnel, v_misc_16,
          vaults_room_grunt_arrival_ludios, hangedman_vaults_trim,
          vaults_room_door_ring, vaults_mumra_minichess_inversion, v_misc_28,
          nicolae_vaults_asterisk, layout_vaults_big_room
Vaults:4: hangedman_vaults_slice, ontoclasm_vaults_chip, v_misc_28, v_rooms_4,
          st_more_cells, nicolae_vaults_little_squares_6, vaults_room_fours,
          hangedman_vaults_river_flow, vaults_room_pool,
          ontoclasm_vaults_misaligned, ontoclasm_vaults_bender,
          nicolae_vaults_theta, ontoclasm_vaults_twist,
          ontoclasm_vaults_decontamination, layout_vaults_ring
Vaults:5
Depths:1: layout_basic, hell_entry, nicolae_wwwww, fiery_altar_vehumet
Depths:2: hangedman_cross_veins, layout_gridlike, abyss_entry_glasseish,
          hell_entry, grunt_pan_entry_in_and_out, minmay_liquid_box,
          minmay_staircase_statues_hall_small
Depths:3: minmay_connected_boxes_in_corner, layout_basic, grunt_mini_vestibule,
          nicolae_abyss_entry_one_way_or_another, bh_walls_and_bars,
          minmay_shop_grove
Depths:4: evilmike_zot_entry_hall, layout_basic, enter_ziggurat_d,
          pf_hell_entry_tar_spiral, serial_shops, bzr_entry_lakeside, shop,
          nicolae_inconvenience_store, shop, nicolae_shop_waterfront,
          abyss_entry, nicolae_sif_muna_condensation, serial_bayou_shore_a,
          uniq_xtahua
Zot:1:    layout_concentric_octagons, zot_minivault_8
Zot:2:    layout_gridlike, hangedman_zot_decor_tridents,
          hangedman_zot_decor_checkerboard, hangedman_hellfire_club
Zot:3:    layout_gridlike
Zot:4:    ebering_klown_carousel, layout_cathedral_of_symmetry
Zot:5:    layout_misc_corridors, ebering_ghost_inner_flame

Skill      XL: |  1  2  3  4  5  6  7  8  9 10 11 12 13 14 15 16 17 18 19 20 21 22 23 24 25 26 |
---------------+-------------------------------------------------------------------------------+-----
Stealth        | 1 2 3 |  3.0
Polearms       | 5 7 8 10 12 13 15 | 15.1
Fighting       | 3 6 8 10 14 17 19 20 | 20.9
Invocations    | 2 5 9 12 13 15 17 18 19 20 | 20.6
Armour         | 1 3 4 5 7 9 10 12 14 15 | 15.8
Dodging        | 7 10 12 13 15 17 20 | 20.9
Long Blades    | 3 9 12 16 20 | 20.9
Shields        | 3 4 10 15 | 15.0
Evocations     | 3 4 5 10 12 15 18 | 18.0
Throwing       | |  2.0

Action                   |  1- 3 |  4- 6 |  7- 9 | 10-12 | 13-15 | 16-18 | 19-21 | 22-24 | 25-27 || total
-------------------------+-------+-------+-------+-------+-------+-------+-------+-------+-------++-------
Melee: Trident           |   113 |   166 |   221 |   407 |    35 |       |       |       |       ||   942
       Tailslap          |       |       |       |     1 |    20 |    54 |       |    16 |       ||    91
       Katana            |       |       |       |       |  1034 |  1299 |  1684 |  1565 |   961 ||  6543
Throw: Throwing net      |       |     2 |       |       |       |       |       |       |       ||     2
       Dart              |       |     8 |     7 |     5 |       |     3 |       |       |       ||    23
Invok: Minor Destruction |       |       |       |    18 |       |    29 |       |       |       ||    47
       Lesser Servant of |       |       |       |       |       |     8 |     1 |       |       ||     9
       Greater Servant o |       |       |       |       |       |     2 |       |     2 |     1 ||     5
       Major Destruction |       |       |       |       |       |     2 |       |       |     9 ||    11
 Abil: Evoke Blink       |       |       |       |       |       |       |     1 |       |       ||     1
Evoke: Wand              |       |       |       |     2 |       |     8 |     3 |     3 |     6 ||    22
       Condenser vane    |       |       |       |     1 |     1 |     2 |     2 |     5 |     3 ||    14
       Lightning rod     |       |       |       |       |       |     8 |       |     3 |       ||    11
       Phial of floods   |       |       |       |       |       |     1 |       |     1 |       ||     2
       Tin of tremorston |       |       |       |       |       |       |       |     8 |     2 ||    10
       Phantom mirror    |       |       |       |       |       |       |       |     1 |     2 ||     3
  Use: Scroll            |     1 |     5 |     5 |    16 |     7 |     5 |     9 |    10 |    16 ||    74
       Potion            |       |     1 |       |     1 |       |     2 |     8 |     1 |    15 ||    28
 Stab: Sleeping          |     4 |     2 |     1 |       |       |       |       |       |       ||     7
       Distracted        |     1 |       |     1 |       |       |       |     1 |     1 |     1 ||     5
       Held in net/web   |       |     2 |       |       |       |     1 |       |       |       ||     3
       Confused          |       |       |       |       |     1 |       |       |       |       ||     1
       Paralysed         |       |       |       |       |       |     3 |       |       |       ||     3
Armor: Leather armour    |    25 |    15 |       |       |       |       |       |       |       ||    40
       Scale mail        |       |    25 |    30 |    17 |       |       |       |       |       ||    72
       Plate armour      |       |       |       |    27 |   271 |   521 |   128 |       |       ||   947
       Chain mail        |       |       |       |    63 |    44 |       |       |       |       ||   107
       Gold dragon scale |       |       |       |       |       |       |   257 |   496 |   447 ||  1200
Dodge: Dodged            |    80 |    85 |    49 |   132 |   285 |   416 |   288 |   208 |   300 ||  1843
Block: Buckler           |       |       |     6 |    48 |   277 |   540 |   148 |       |       ||  1019
       Reflection        |       |       |       |       |    49 |    51 |    53 |    37 |     8 ||   198
       Kite shield       |       |       |       |       |       |       |   626 |   717 |   515 ||  1858
       Other             |       |       |       |       |       |       |       |     1 |       ||     1

Table legend: (Time is in decaauts)
 A = Elapsed time spent in this place.
 B = Non-inter-level travel time spent in this place.
 C = Inter-level travel time spent in this place.
 D = Time resting spent in this place.
 E = Time spent auto-exploring this place.
 F = Levels seen in this place.
 G = Mean time per level.
                   A        B        C        D        E       F      G
               +--------+--------+--------+--------+--------+-----+--------+
         Total |  51560 |  46561 |   4999 |   3320 |  33047 |  55 |  937.5 |
       Dungeon |  13880 |  11856 |   2024 |    390 |   9037 |  15 |  925.3 |
        Temple |    250 |    205 |     45 |      0 |    182 |   1 |  250.0 |
          Lair |   5028 |   4564 |    464 |     22 |   3778 |   6 |  838.0 |
        Shoals |   4128 |   3985 |    143 |    565 |   2749 |   4 | 1032.0 |
   Spider Nest |   4669 |   4481 |    188 |    592 |   3132 |   4 | 1167.2 |
  Orcish Mines |   1958 |   1485 |    473 |      0 |   1152 |   2 |  979.0 |
   Elven Halls |   3261 |   3123 |    138 |     26 |   2313 |   3 | 1087.0 |
        Vaults |   8901 |   8108 |    793 |    752 |   5523 |   5 | 1780.2 |
        Depths |   4179 |   3678 |    501 |     20 |   2741 |   4 | 1044.8 |
           Zot |   2489 |   2262 |    227 |    538 |   1137 |   5 |  497.8 |
         Abyss |    752 |    752 |      0 |    176 |    150 |   2 |  376.0 |
        Bazaar |    142 |    142 |      0 |      0 |     86 |   1 |  142.0 |
      Ice Cave |    466 |    466 |      0 |    110 |    240 |   1 |  466.0 |
    Desolation |    974 |    974 |      0 |     22 |    697 |   1 |  974.0 |
      Gauntlet |    479 |    479 |      0 |    105 |    126 |   1 |  479.0 |
               +--------+--------+--------+--------+--------+-----+--------+

Top non-repeatable levels by time:
Vaults:2: 2933 daAuts
Vaults:1: 1790 daAuts
     D:2: 1581 daAuts
Shoals:1: 1532 daAuts
Vaults:3: 1532 daAuts
Vaults:5: 1512 daAuts
Spider:3: 1455 daAuts
   Zot:4: 1400 daAuts
Depths:3: 1372 daAuts
Spider:2: 1320 daAuts
   Orc:2: 1291 daAuts
    D:15: 1268 daAuts
   Elf:2: 1212 daAuts
Depths:4: 1192 daAuts
   Elf:1: 1158 daAuts
